 Dungeon Crawl Stone Soup version 0.31-a0-799-g6bc09d010c (webtiles) character file.

Game seed: 14166547222128200754

16 Bravepunisher the Ducker (level 2, 0/16 HPs)
             Began as a Spriggan Monk on Sept 19, 2023.
             Succumbed to an adder's poison
             ... on level 5 of the Dungeon.
             The game lasted 00:02:22 (535 turns).

Bravepunisher the Ducker (Spriggan Monk)             Turns: 535, Time: 00:02:22

Health: 0/16       AC:  2    Str:  7    XL:     2   Next: 37%
Magic:  3/3        EV: 19    Int: 11    God:
Gold:   21         SH:  0    Dex: 17    Spells: 1/1 levels left

rFire   . . .        a - +0 short sword
rCold   . . .        d - orb {light}
rNeg    . . .        b - +0 robe
rPois   .            (helmet restricted)
rElec   .            (no cloak)
rCorr   .            (gloves unavailable)
SInv    +            (boots unavailable)
Will    .....        (no amulet)
Stlth   +            (no ring)
HPRegen 0.22/turn    (no ring)
MPRegen 0.08/turn

%: no passive effects
@: lethally poisoned (0 -> -4), glowing, slow
A: very small, no large weapons, unfitting armour, see invisible, speed 3
a: no special abilities


You were on level 5 of the Dungeon.
You visited 1 branch of the dungeon, and saw 5 of its levels.

You collected 21 gold pieces.

Inventory:

Hand Weapons
 a - a +0 short sword (weapon)
Armour
 b - a +0 robe (worn)
 d - an orb of light (worn)
Potions
 c - a potion of ambrosia


   Skills:
 * Level 2.9 Fighting
 - Level 3.2 Short Blades
 + Level 4.3 Dodging


You had one spell level left.
You didn't know any spells.
Your spell library was empty.

Dungeon Overview and Level Annotations

Branches:
Dungeon (5/15)
 Temple: D:4-7

Altars:

Annotations:
D:4 Blork the orc, Menkaure
D:5 Pikel, Sigmund


Innate Abilities, Weirdness & Mutations

You are very small and have problems with some larger weapons.
You are too small for most types of armour.
You have supernaturally acute eyesight. (SInv)
You cover ground extremely quickly. (Speed+++)


Message History

It was a scroll of blinking.
Sigmund shouts!
The hound barks!
The adder hisses angrily.
You hear a shout!
Sigmund casts a spell.
Sigmund flickers and vanishes for a moment.
You hit the hound but do no damage. The gnoll misses you.
The hound closely misses you. The adder misses you. The hound bites you.
The gnoll attacks as it pursues you! The gnoll completely misses you.
The gnoll attacks as it pursues you! The gnoll misses you.
The hound attacks as it pursues you! The hound closely misses you.
Pikel, Merchant of Souls comes into view.
He is wielding a +2 whip of flaming.
Found a book of the Moon.
The hound attacks as it pursues you! The hound completely misses you.
You completely miss the plant. The hound attacks as it pursues you!
The hound closely misses you. The hound attacks as it pursues you!
The hound bites you.
* * * LOW HITPOINT WARNING * * *
You hit the plant but do no damage. The hound bites you.
* * * LOW HITPOINT WARNING * * *
The hound bites you but does no damage. The hound attacks as it pursues you!
The hound closely misses you.
An adder comes into view.
The adder hisses angrily.
You enter the shallow water.
Moving in this stuff is going to be slow.
Why would you want to do that?
You hit the adder.
The adder is lightly wounded.
The hound barely misses you. The adder bites you.
* * * LOW HITPOINT WARNING * * *
You are lethally poisoned!
The adder poisons you! The adder closely misses you.
The hound barely misses you. The adder misses you.
You barely miss the adder.
The adder is lightly wounded.
* * * LOW HITPOINT WARNING * * *
You feel sick. The adder barely misses you. The hound completely misses you.
The adder barely misses you.
Your unstable footing causes you to fumble your attack.
You die...

##### ## ....####
#≈####.~....###
#≈≈#≈#PP......#
#≈≈≈≈≈~....#..#
#≈≈≈≈≈≈P......
#≈≈S≈~~~~...
###≈@≈~~~~...
##..~hS≈≈PPP..
#....~~P≈≈~...
#.#..P.~P≈~~.~
#.......P≈≈P..
###K#gS~~≈≈~P~ .#
#.#..PPP≈≈≈~ ...#
#.g..~~~≈≈≈~P!....
....#
#......~≈≈≈≈P.....


You could see Pikel, a hound, 2 gnolls and 3 adders.

Vanquished Creatures
  A goblin (D:3)
  2 hobgoblins (D:3)
  4 jackals (D:3)
  2 quokkas
  3 ball pythons
  A bat (D:3)
  A rat (D:3)
14 creatures vanquished.

Notes
Turn   | Place    | Note
-------+----------+-------------------------------------------
     0 | D:1      | Bravepunisher the Spriggan Monk began the quest for the
                  | Orb.
     0 | D:1      | Reached XP level 1. HP: 11/11 MP: 2/2
   152 | D:3      | Reached XP level 2. HP: 16/16 MP: 3/3
   437 | D:4      | Noticed Menkaure
   446 | D:4      | Noticed Blork the orc
   451 | D:4      | Noticed a bullfrog
   473 | D:5      | Entered Level 5 of the Dungeon
   474 | D:5      | Noticed an ice beast
   506 | D:5      | Noticed Sigmund
   512 | D:5      | Noticed Pikel
   535 | D:5      | Succumbed to an adder's poison

Illustrated notes

Levels and vault maps discovered:
D:1:      dpeg_arrival_lava_temple_mockup, layout_rooms
D:2:      layout_rooms, uniq_robin
D:3:      layout_loops_corners
D:4:      cheibrodos_fertilizer, layout_cave_pools,
          gammafunk_temple_overflow_elements, gammafunk_temple_overflow_arena,
          kennysheep_generic_room_5, uniq_menkaure, uniq_blork_the_orc
D:5:      layout_basic, chequers_big_river, uniq_sigmund, uniq_pikel,
          uniq_grinder

Action                     || total
---------------------------++-------
  Melee: Short sword       ||    50
    Use: Scroll            ||     1
 Armour: Robe              ||    17
  Dodge: Dodged            ||    56

Table legend: (Time is in decaauts)
 A = Elapsed time spent in this place.
 B = Non-inter-level travel time spent in this place.
 C = Inter-level travel time spent in this place.
 D = Time resting spent in this place.
 E = Time spent auto-exploring this place.
 F = Levels seen in this place.
 G = Mean time per level.
                   A        B        C        D        E       F      G
               +--------+--------+--------+--------+--------+-----+--------+
         Total |    359 |    359 |      0 |      0 |    208 |   5 |   71.8 |
       Dungeon |    359 |    359 |      0 |      0 |    208 |   5 |   71.8 |
               +--------+--------+--------+--------+--------+-----+--------+

Top non-repeatable levels by time:
     D:3: 268 daAuts
     D:5: 41 daAuts
     D:4: 40 daAuts
     D:2: 7 daAuts
     D:1: 1 daAuts
